 Dungeon Crawl Stone Soup version 0.31-a0-229-g1fc7ce93e2 (webtiles) character file.

Game seed: 4893612695950889698

275 qw the Shooter (level 6, -1/37 HPs)
             Began as a Gargoyle Hexslinger on July 6, 2023.
             Slain by an orc
             ... wielding a +0 trident
              (4 damage)
             ... on level 4 of the Dungeon.
             The game lasted 00:00:47 (1778 turns).

qw the Shooter (Gargoyle Hexslinger)                Turns: 1778, Time: 00:00:47

Health: -1/37      AC:  9    Str: 12    XL:     6   Next: 25%
Magic:  7/7        EV: 11    Int: 13    God:
Gold:   102        SH:  0    Dex: 14    Spells: 6/7 levels left

rFire   . . .        Y - +2 longbow
rCold   . . .        (shield currently unavailable)
rNeg    + . .        j - +0 leather armour
rPois   inf          (no helmet)
rElec   +            (no cloak)
rCorr   .            (no gloves)
SInv    .            f - +1 pair of boots
Will    .....        (no amulet)
Stlth   +            (no ring)
HPRegen 0.26/turn    (no ring)
MPRegen 0.10/turn

%: no passive effects
@: about to teleport
A: sickness immunity, AC +4, negative energy resistance 1, electricity
resistance, torment resistance 1, petrification resistance
a: no special abilities


You were on level 4 of the Dungeon.
You visited 1 branch of the dungeon, and saw 5 of its levels.

You collected 102 gold pieces.


Innate Abilities, Weirdness & Mutations

You are immune to sickness and miasma.
Your stone body is resilient. (AC +4)
You are immune to poison.
You resist negative energy. (rN+)
You are resistant to electric shocks. (rElec)
You are resistant to unholy torment.
You are immune to petrification.


   Skills:
 - Level 3.5 Fighting
 + Level 5.5 Ranged Weapons
 - Level 1.5 Dodging
 - Level 1.0 Spellcasting
 - Level 2.6 Hexes


You had 6 spell levels left.
You knew the following spells:

 Your Spells              Type           Power      Damage    Failure   Level
a - Slow                  Hex            28%        N/A       12%         1

Your spell library contained the following spells:

 Spells                   Type           Power      Damage    Failure   Level
 Inner Flame              Hex/Fire       4%         N/A       52%         3
 Portal Projectile        Hex/Tloc       8%         N/A       52%         3
 Cause Fear               Hex            3%         N/A       75%         4

Inventory:

Hand Weapons
 Y - a +2 longbow (weapon)
Armour
 f - a +1 pair of boots (worn)
 j - a +0 leather armour (worn)
Scrolls
 a - 3 scrolls of teleportation
 h - a scroll of identify
Potions
 c - a potion of haste {unknown}
 d - a potion of mutation {unknown}
 e - 3 potions of resistance
 g - a potion of brilliance {unknown}
 i - a potion of curing {unknown}
 k - a potion of invisibility {unknown}
 l - a potion of ambrosia {unknown}

Dungeon Overview and Level Annotations

Branches:
Dungeon (5/15)
 Temple: D:4-7

Altars:

Shops:
D:1 [   D:2 =


Message History

The phantom hits you but does no damage.
You shoot an arrow. The arrow hits the phantom!
You destroy the phantom!
The adder barely misses you. The goblin barely misses you.
The orc barely misses you. The adder bites you but does no damage.
The goblin hits you with a +0 club. The orc closely misses you.
Your Fighting skill increases to level 3!
You have reached level 6!
You shoot an arrow. The arrow barely misses the adder.
The adder closely misses you. The goblin hits you but does no damage.
The orc barely misses you. The adder completely misses you.
You shoot an arrow. The arrow barely misses the adder.
The goblin closely misses you. The orc hits you but does no damage.
The adder misses you. The goblin hits you with a +0 club.
The orc closely misses you. The adder barely misses you.
You shoot an arrow. The arrow misses the adder.
The adder bites you but does no damage. The goblin hits you but does no damage.
The orc barely misses you. The adder bites you but does no damage.
You shoot an arrow. The arrow hits the adder!
You kill the adder!
The goblin hits you but does no damage. The orc barely misses you.
The orc hits you from afar with a +0 trident.
The goblin hits you but does no damage.
You shoot an arrow. The arrow hits the goblin.
The goblin is heavily wounded.
The goblin hits you but does no damage. The orc hits you but does no damage.
You shoot an arrow. The arrow closely misses the goblin.
The goblin hits you with a +0 club. The orc closely misses you.
The goblin hits you with a +0 club.
The orc hits you from afar with a +0 trident!
1776 ||| READING 4 scrolls of teleportation.
As you read the scroll of teleportation, it crumbles to dust.
You feel strangely unstable. The orc hits you but does no damage.
The goblin hits you but does no damage.
You shoot an arrow. The arrow misses the goblin.
The goblin misses you. The orc barely misses you.
You shoot an arrow. The arrow hits the goblin!
You kill the goblin!
The orc hits you from afar with a +0 trident.
You die...

############
#..........#
#..........#
#....@.....#
#..o)......#
#..........#
#..........#
#..........#
#..........#
#..........#
#..........#


You could see an orc.

Vanquished Creatures
  A phantom (D:4)
  A scorpion (D:5)
  Jessica (D:2)
  An iguana (D:5)
  2 adders
  A worm (D:2)
  A dart slug (D:3)
  7 orcs
  2 bats (D:1)
  4 endoplasms
  4 giant cockroaches
  7 goblins
  6 hobgoblins
  2 jackals (D:2)
  7 kobolds
  A quokka (D:3)
  4 ball pythons
  2 frilled lizards (D:1)
  7 rats
61 creatures vanquished.

Notes
Turn   | Place    | Note
-------+----------+-------------------------------------------
     0 | D:1      | qw the Gargoyle Hexslinger began the quest for the Orb.
     0 | D:1      | Reached XP level 1. HP: 12/12 MP: 2/2
     0 | D:1      | 0 ||| qw: Version: 0.3-a-46-gb1f654a
     0 | D:1      | 0 ||| qw: Game counter: 1292
     0 | D:1      | 0 ||| qw: Melee chars always use a shield: true
     0 | D:1      | 0 ||| qw: God list: Okawaru
     0 | D:1      | 0 ||| qw: Allow faded altars: false
     0 | D:1      | 0 ||| qw: Do Orc after clearing Dungeon:15 true
     0 | D:1      | 0 ||| qw: Do second Lair branch before Depths: true
     0 | D:1      | 0 ||| qw: Lair rune preference: random
     0 | D:1      | 0 ||| qw: Goals: Normal
     0 | D:1      | 0 ||| PLANNING D:1-11
   323 | D:1      | Found Jeukha Qupe's Antique Armour Shop.
   326 | D:1      | 326 ||| SHOPLISTING embroidered scarf (176 gold, have 7).
   326 | D:1      | 326 ||| SHOPLISTING leather armour (44 gold, have 7).
   326 | D:1      | 326 ||| SHOPLISTING pair of glowing gloves (165 gold, have
                  | 7).
   326 | D:1      | 326 ||| SHOPLISTING ring mail (88 gold, have 7).
   387 | D:1      | Reached XP level 2. HP: 16/16 MP: 3/3
   550 | D:1      | Reached skill level 3 in Ranged Weapons
   831 | D:1      | 831 ||| UPGRADING to +0 pair of boots.
   836 | D:1      | 836 ||| UPGRADING to +0 leather armour.
   846 | D:1      | 846 ||| DROPPING +0 robe.
   847 | D:1      | 847 ||| READING 4 scrolls labelled XAUCHI BOLOIMESIE.
   850 | D:1      | 850 ||| READING 2 scrolls labelled FETOKKUQUE.
   851 | D:1      | 851 ||| READING scroll labelled SYVIRA WYRCH.
   852 | D:1      | 852 ||| DRINKING 2 golden potions.
   853 | D:1      | 853 ||| DROPPING scroll of poison.
   888 | D:2      | 888 ||| STAIRDANCE
   888 | D:2      | HP: 4/17 [quokka (3)]
   890 | D:1      | 890 ||| READING 3 scrolls of teleportation.
   966 | D:2      | 966 ||| SWAPPING to +0 longbow.
   968 | D:2      | Reached XP level 3. HP: 21/21 MP: 4/4
   968 | D:2      | 968 ||| DROPPING +1 sling.
  1028 | D:2      | Found Holozionem's One-of-a-Kind Rings.
  1056 | D:2      | 1056 ||| SHOPLISTING +3 ring of evasion (110 gold, have
                  | 42).
  1056 | D:2      | 1056 ||| SHOPLISTING +5 ring of protection (605 gold, have
                  | 42).
  1056 | D:2      | 1056 ||| SHOPLISTING +7 ring of slaying (1898 gold, have
                  | 42).
  1056 | D:2      | 1056 ||| SHOPLISTING +9 ring of dexterity (858 gold, have
                  | 42).
  1056 | D:2      | 1056 ||| SHOPLISTING ring "Narisupn" {rElec rPois Slay+3}
                  | (512 gold, have 42).
  1127 | D:2      | Noticed Jessica
  1130 | D:2      | Killed Jessica
  1131 | D:2      | Reached XP level 4. HP: 21/26 MP: 5/5
  1131 | D:2      | 1131 ||| FLEEEEING.
  1141 | D:2      | 1141 ||| FLEEEEING.
  1147 | D:2      | Reached skill level 4 in Ranged Weapons
  1360 | D:2      | 1360 ||| READING 2 scrolls labelled SEJYNE IMIEZ.
  1361 | D:2      | 1361 ||| READING scroll of enchant weapon.
  1361 | D:2      | 1361 ||| ENCHANTING +1 longbow.
  1521 | D:3      | 1521 ||| READING scroll of enchant armour.
  1521 | D:3      | 1521 ||| ENCHANTING +0 pair of boots.
  1608 | D:3      | You fall into a shaft and drop 2 floors!
  1608 | D:5      | Entered Level 5 of the Dungeon
  1624 | D:5      | Reached XP level 5. HP: 10/30 MP: 6/6
  1734 | D:5      | Reached skill level 5 in Ranged Weapons
  1748 | D:5      | 1748 ||| READING scroll labelled WAMITE IBEXU.
  1753 | D:5      | Noticed a phantom
  1763 | D:5      | 1763 ||| STAIRDANCE
  1769 | D:4      | Killed a phantom
  1770 | D:4      | Reached skill level 3 in Fighting
  1770 | D:4      | Reached XP level 6. HP: 17/37 MP: 7/7
  1775 | D:4      | HP: 9/37 [goblin/+0 club (2)]
  1775 | D:4      | HP: 2/37 [orc/+0 trident (7)]
  1776 | D:4      | 1776 ||| READING 4 scrolls of teleportation.
  1778 | D:4      | Slain by an orc

Levels and vault maps discovered:
D:1:      minmay_arrival_glassed_features, layout_loops_corners, serial_shops,
          nicolae_shop_real_fake_doors, minivault_11
D:2:      layout_basic, nicolae_shop_unique_rings, uniq_jessica
D:3:      layout_rooms, minmay_overflow_temple_hex, serial_bayou_pond_c
D:4:      layout_rooms, uniq_natasha
D:5:      layout_basic, st_stairs_9

Skill      XL: |  1  2  3  4  5 |
---------------+----------------+-----
Ranged Weapons | 3 4 5 |  5.5
Fighting       | 2 3 |  3.5
Dodging        | |  1.5
Spellcasting   | |  1.0
Hexes          | |  2.6

Action                     |  1- 3 |  4- 6 || total
---------------------------+-------+-------++-------
   Fire: Sling             |    60 |       ||    60
         Longbow           |    27 |    91 ||   118
    Use: Scroll            |     4 |     5 ||     9
         Potion            |     1 |       ||     1
 Armour: Robe              |     7 |       ||     7
         Leather armour    |     8 |    31 ||    39
  Dodge: Dodged            |    23 |    60 ||    83

Table legend:
 A = Non-vault XP
 B = Vault XP
 C = Vault XP percentage of total XP
 D = Non-vault monster count
 E = Vault monster count
 F = Vault count percentage of total count
                 A         B        C        D         E       F
            +---------+---------+-------+---------+---------+-------
      Total |     273 |     123 |  31.1 |      58 |       3 |   4.9
            +---------+---------+-------+---------+---------+-------
        D:1 |      33 |       0 |   0.0 |      21 |       0 |   0.0
        D:2 |      31 |      37 |  54.4 |      18 |       1 |   5.3
        D:3 |      31 |       0 |   0.0 |      13 |       0 |   0.0
        D:4 |     126 |       0 |   0.0 |       3 |       0 |   0.0
        D:5 |      52 |      86 |  62.3 |       3 |       2 |  40.0
            +---------+---------+-------+---------+---------+-------
